 Dungeon Crawl Stone Soup version 0.21-a0-193-g085b6a0 (webtiles) character file.

169 seren the Skirmisher (level 5, -3/42 HPs)
             Began as a Demonspawn Abyssal Knight on Aug 14, 2017.
             Was a Priest of Lugonu.
             Killed from afar by an orc wizard (10 damage)
             ... with a puff of flame
             ... on level 4 of the Dungeon.
             The game lasted 00:10:10 (2731 turns).

seren the Skirmisher (Demonspawn Abyssal Knight)    Turns: 2731, Time: 00:10:11

Health: -3/42      AC:  6    Str: 14    XL:     5   Next: 25%
Magic:  0/6        EV: 11    Int: 13    God:    Lugonu [***...]
Gold:   128        SH:  0    Dex: 12    Spells: 4/4 levels left

rFire    . . .     SeeInvis .   a - +1 falchion
rCold    . . .     Gourm    .   (no shield)
rNeg     . . .     Faith    .   p - +0 ring mail (curse)
rPois    .         Spirit   +   (no helmet)
rElec    .         Reflect  .   m - +0 cloak
rCorr    .         Harm     .   (no gloves)
MR       .....                  (no boots)
Stlth    +.........             (no amulet)
HPRegen  0.14/turn              (no ring)
MPRegen  0.10/turn              (no ring)

@: hasted, very quick
A: hooves 1, nightstalker 1, magic shield
a: Depart the Abyss, Bend Space, Banish, Renounce Religion


You were on level 4 of the Dungeon.
You worshipped Lugonu.
Lugonu was most pleased with you.
You were not hungry.

You visited 1 branch of the dungeon, and saw 4 of its levels.
You visited the Abyss 1 time.

You collected 128 gold pieces.

Inventory:

Hand Weapons
 a - a +1 falchion (weapon)
 b - a +0 hunting sling
Missiles
 f - 23 sling bullets
Armour
 e - a +0 leather armour
 m - a +0 cloak (worn)
 p - a cursed +0 ring mail (worn)
Jewellery
 n - a cursed ring of teleportation {unknown}
 t - a +4 ring of evasion {unknown}
Scrolls
 g - 3 scrolls of teleportation {unknown}
 j - a scroll of enchant armour {unknown}
 o - 4 scrolls of identify {unknown}
 r - a scroll of remove curse {unknown}
Potions
 d - a potion of might {unknown}
 h - a potion of agility {unknown}
 i - 2 potions of curing {unknown}
 q - a potion of lignification {unknown}
 s - a potion of haste
 u - a potion of ambrosia {unknown}
Comestibles
 c - a bread ration
 k - a chunk of flesh
 l - 3 meat rations


   Skills:
 + Level 3.8 Fighting
 * Level 3.2 Long Blades
 + Level 2.2 Armour
 + Level 2.6 Dodging
 - Level 2.6 Invocations


You had 4 spell levels left.
You didn't know any spells.

Dungeon Overview and Level Annotations

Branches:
Dungeon (4/15)
 Temple: D:4-7

Altars:
Makhleb
Okawaru

Annotations:
D:3 exclusion: ogre


Innate Abilities, Weirdness & Mutations

You have large cloven feet.
You are slightly more attuned to the shadows.
When hurt, damage is shared between your health and your magic reserves.


Message History

You miss something. Your kick misses something. You barely miss something.
You kick something.
You hear some strange, mumbled words.
Something tries to affect you, but you resist.
You barely miss something. Something hits you but does no damage.
You barely miss something.
You hear some strange, mumbled words.
A magic dart appears from out of thin air!
The magic dart hits you!
* * * LOW HITPOINT WARNING * * *
Your ring mail prevents you from hitting something.
You kick something. You miss something. You kick something.
Something hits you but does no damage.
You barely miss something. Your kick misses something. Something hits you.
* * * LOW HITPOINT WARNING * * *
You closely miss something. You kick something.
You hear some strange, mumbled words.
A puff of flame appears from out of thin air!
The puff of flame hits you!
You die...

...........##...
........###........
#................##.
........###......#
#...##............
.............#.#.
#.......####.#.#
##.##..####.#.#.
#....>.{@......
#.##..####.#...
#...... # #.###.## #
#.# ... #.


There were no monsters in sight!

Vanquished Creatures
  An orc wizard (D:4)
  2 gnolls
  5 adders (D:2)
  2 worms (D:2)
  3 dart slugs
  3 leopard geckos
  3 giant cockroaches
  8 goblins
  6 hobgoblins
  4 jackals (D:1)
  2 quokkas
  9 bats
  4 frilled lizards
  4 kobolds
  9 rats
65 creatures vanquished.

Notes
Turn   | Place    | Note
-------+----------+-------------------------------------------
     0 | Abyss:1  | seren the Demonspawn Abyssal Knight began the quest for the Orb.
     0 | Abyss:1  | Reached XP level 1. HP: 18/18 MP: 2/2
    16 | D:1      | Escaped the Abyss
    37 | D:1      | Reached skill level 1 in Dodging
   162 | D:1      | Gained mutation: You have large cloven feet. [demonic ancestry]
   162 | D:1      | Reached XP level 2. HP: 23/24 MP: 3/3
   300 | D:1      | Reached ** piety under Lugonu
   330 | D:1      | Reached XP level 3. HP: 29/29 MP: 4/4
   933 | D:2      | Found a burning altar of Makhleb.
  1241 | D:2      | Gained mutation: You are slightly more attuned to the shadows. [demonic ancestry]
  1241 | D:2      | Reached XP level 4. HP: 26/35 MP: 5/5
  1902 | D:3      | Found an iron altar of Okawaru.
  1941 | D:3      | Noticed an ogre
  2504 | D:3      | Gained mutation: When hurt, damage is shared between your health and your magic reserves. [demonic ancestry]
  2504 | D:3      | Reached XP level 5. HP: 42/42 MP: 6/6
  2571 | D:3      | Reached *** piety under Lugonu
  2731 | D:4      | Killed from afar by an orc wizard

Vault maps used:
D:1:      ncdulo_wetmaze
D:2:      old_standard_altar
D:3:      overflow_temple_1_default, minmay_misc_feat_square
D:4:      lemuel_round_altar, kennysheep_mini, serial_shops, shop, shop,
          shop_fountains, serial_corexii_hall, corexii_hall_statues_i,
          corexii_hall_statues_x

Skill      XL: |  1  2  3  4 |
---------------+-------------+-----
Dodging        | 1 2 |  2.6
Long Blades    | 2 3 |  3.2
Armour         | 2 |  2.2
Fighting       | |  3.8
Invocations    | |  2.6

Action                   |  1- 3 |  4- 6 || total
-------------------------+-------+-------++-------
Melee: Falchion          |    69 |    97 ||   166
       Kick              |    15 |    25 ||    40
  Use: Potion            |       |     1 ||     1
  Eat: Chunk             |     1 |     5 ||     6
Armor: Leather armour    |    16 |     2 ||    18
       Ring mail         |       |    34 ||    34
Dodge: Dodged            |    44 |    43 ||    87
       Rpst.: Falchion   |    19 |    15 ||    34
